Map: Аура смерти РВ

Players

Lopatqa - Winner!

  • Race: Zerg Zerg
  • League: Master
  • Spawn Location: 11:00

Kantara

  • Race: Protoss Protoss
  • League: Diamond
  • Spawn Location: 5:00

VOD

Have the link to the VOD?

Description

Time

  • Played on: Dec. 4, 2020, 10:03 a.m.
  • Length: 10:17
Show
View Real Time Build Order
Export as new Build Order

Lopatqa Zerg - Winner!

Build Orders: Hatch First 

Get SALT Encoding   

  12  0:00  Drone  
  13  0:14  Overlord  
  13  0:17  Drone  
  14  0:32  Drone x2  
  16  0:36  Drone  
  17  0:52  Hatchery  
  17  0:55  Drone  
  17  0:59  Drone  
  18  1:09  Extractor  
  17  1:13  Spawning Pool  
  17  1:16  Drone  
  17  1:20  Drone  
  18  1:29  Drone  
  19  1:44  Overlord  
  19  1:58  Drone  
  20  2:01  Queen  
  20  2:04  Zergling x2  
  20  2:05  Zergling x2, Queen  
  26  2:19  Drone x2  
  28  2:31  Drone x2  
  30  2:44  Drone, Lair  
  30  2:45  Drone x2  
  33  2:54  Drone  
  33  2:57  Overlord  
  34  3:00  Drone  
  35  3:07  Drone  
  36  3:14  Overlord x2  
  36  3:16  Drone x4  
  36  3:17  Drone  
  41  3:22  Drone  
  43  3:27  Drone  
  43  3:32  Queen  
  43  3:33  Overlord  
  45  3:41  Drone  
  46  3:42  Extractor x3  
  46  3:43  Drone  
  46  3:47  Spire  
  43  3:49  Overlord  
  43  3:52  Drone x5  
  43  3:53  Drone  
  49  4:04  Spore Crawler  
  49  4:07  Spore Crawler  
  47  4:10  Drone x2  
  47  4:16  Drone  
  47  4:17  Drone  
  51  4:23  Drone  
  52  4:24  Overlord  
  52  4:25  Overlord  
  52  4:29  Drone  
  53  4:36  Overlord  
  53  4:50  Overlord  
  53  4:51  Overlord x2  
  53  5:00  Mutalisk x3  
  53  5:01  Mutalisk x3  
  65  5:08  Mutalisk  
  67  5:24  Mutalisk x2  
  71  5:45  Drone  
  71  5:46  Drone  
  73  5:50  Hatchery x2  
  73  5:55  Zerg Flyer Weapons Level 1  
  71  6:04  Mutalisk x3  
  71  6:06  Drone x4  
  81  6:17  Mutalisk  
  81  6:18  Mutalisk  
  85  6:24  Drone x3  
  88  6:36  Drone x4  
  92  6:42  Corruptor  
  92  6:48  Extractor  
  92  6:51  Extractor  
  88  6:55  Mutalisk  
  88  6:56  Mutalisk  
  88  7:12  Mutalisk x3  
  88  7:14  Drone x9  
  101  7:27  Corruptor  
  103  7:33  Queen  
  103  7:35  Drone x3  
  103  7:36  Drone  
  109  7:43  Hydralisk Den  
  108  7:45  Drone x3  
  108  7:47  Drone, Evolution Chamber x2  
  108  7:48  Drone x5  
  115  8:02  Extractor  
  115  8:05  Drone x4  
  116  8:06  Extractor  
  116  8:11  Corruptor x4  
  125  8:24  Corruptor x2  
  125  8:26  Zergling x2  
  128  8:27  Overlord  
  128  8:28  Overlord  
  128  8:29  Overlord x3  
  124  8:50  Corruptor x6  
  128  9:11  Queen  
  128  9:12  Drone x2  
  128  9:13  Drone x2  
  128  9:14  Drone  
  135  9:39  Hatchery  
  135  9:41  Hydralisk x9  
  135  9:42  Overlord  
  135  9:43  Overlord x2  
Show
View Real Time Build Order
Export as new Build Order

Kantara Protoss 

Build Orders: 1 Gate Expand 

Get SALT Encoding   

  12  0:00  Probe  
  13  0:13  Probe  
  14  0:17  Pylon  
  14  0:25  Probe  
  15  0:39  Gateway  
  15  0:42  Probe (Chrono Boost)  
  16  0:46  Assimilator  
  16  0:51  Probe (Chrono Boost)  
  17  0:59  Probe  
  18  1:11  Probe  
  19  1:23  Probe  
  20  1:30  Nexus  
  20  1:37  Cybernetics Core  
  20  1:40  Probe  
  20  1:46  Assimilator  
  21  1:52  Probe  
  22  1:56  Pylon  
  22  2:07  Probe  
  23  2:19  Probe  
  23  2:20  Stalker  
  23  2:21  Warp Gate  
  26  2:31  Probe  
  26  2:39  Stargate  
  28  2:44  Probe (Chrono Boost)  
  28  2:49  Shield Battery, Probe (Chrono Boost)  
  28  2:54  Probe (Chrono Boost)  
  28  2:58  Adept, Probe (Chrono Boost)  
  32  2:59  Probe (Chrono Boost)  
  33  3:10  Probe (Chrono Boost)  
  35  3:14  Void Ray (Chrono Boost), Probe (Chrono Boost)  
  35  3:16  Probe (Chrono Boost)  
  36  3:20  Probe  
  36  3:21  Assimilator  
  41  3:30  Assimilator  
  41  3:32  Adept, Pylon  
  41  3:33  Probe  
  44  3:34  Probe  
  45  3:44  Void Ray  
  45  3:45  Probe  
  46  3:50  Probe  
  51  4:03  Probe x2  
  53  4:10  Stargate  
  53  4:15  Probe  
  54  4:47  Nexus  
  54  4:54  Forge  
  54  4:56  Twilight Council  
  54  5:15  Probe x2  
  52  5:25  Phoenix  
  54  5:31  Pylon  
  54  5:32  Pylon  
  54  5:34  Pylon  
  54  5:36  Pylon  
  54  5:37  Pylon  
  54  5:39  Protoss Ground Weapons Level 1, Pylon  
  54  5:45  Shield Battery  
  54  5:48  Photon Cannon  
  54  5:49  Phoenix, Probe x2  
  58  5:50  Phoenix  
  58  5:51  Photon Cannon  
  58  5:53  Shield Battery  
  60  6:00  Shield Battery  
  60  6:01  Probe x2  
  62  6:05  Pylon  
  61  6:13  Probe x2  
  61  6:14  Phoenix  
  64  6:25  Probe x2  
  65  6:37  Shield Battery, Probe x3  
  65  6:38  Phoenix  
  65  6:39  Phoenix  
  57  7:12  Phoenix x2  
  57  7:13  Probe  
  57  7:14  Probe x2  
  62  7:16  Stalker  
  62  7:31  Probe x2  
  62  7:32  Probe  
  65  7:43  Templar Archives, Probe  
  66  7:44  Pylon  
  66  7:47  Pylon  
  66  7:50  Protoss Air Weapons Level 1  
  66  7:52  Fleet Beacon  
  66  7:54  Pylon  
  66  7:55  Pylon  
  66  7:56  Phoenix x2, Pylon  
  70  7:58  Pylon  
  70  8:09  Probe x3  
  71  8:21  Probe x2  
  73  8:29  Shield Battery  
  73  8:32  Psionic Storm, Photon Cannon  
  73  8:35  High Templar, Photon Cannon  
  69  9:00  Probe  
  69  9:01  Probe x2  
  69  9:09  Gateway x2  
  69  9:13  Probe  
  70  9:19  High Templar  
  70  9:20  Assimilator  
  70  9:23  Archon  
  72  9:24  Assimilator  
  72  9:31  Photon Cannon  
  72  9:32  Photon Cannon  
  72  9:35  Pylon  
  72  9:37  Phoenix x2  
  76  9:40  Probe x2  
  64  10:02  Stalker  
Tags
 
Add a new tag
Caveats
  • Supply blocks, unpowered buildings, or Contaminate may cause inaccurate times.
  • Supply counts are checked every 10 seconds.